 Dungeon Crawl Stone Soup version 0.30.1-4-g462c640d31 (webtiles) character file.

Game seed: 6309181187595672879

20 Cheops the Caller (level 2, -1/20 HPs)
             Began as a Draconian Summoner on Sept 12, 2023.
             Slain by an adder (4 damage)
             ... on level 2 of the Dungeon.
             The game lasted 00:03:19 (1470 turns).

Cheops the Caller (Draconian Summoner)              Turns: 1470, Time: 00:03:19

Health: -1/20      AC:  4    Str: 10    XL:     2   Next: 58%
Magic:  11/15      EV: 12    Int: 15    God:
Gold:   64         SH:  0    Dex: 11    Spells: 4/7 levels left

rFire   . . .        a - +0 spear
rCold   . . .        (no shield)
rNeg    . . .        (body armour unavailable)
rPois   .            (helmet restricted)
rElec   .            (no cloak)
rCorr   .            (no gloves)
SInv    .            (no boots)
Will    .....        (no amulet)
Stlth   ++           l - ring of magical power
HPRegen 0.23/turn    (no ring)
MPRegen 0.14/turn

%: no passive effects
@: lethally poisoned (-1 -> -1)
A: AC +4, unfitting armour, cold-blooded
a: no special abilities


You were on level 2 of the Dungeon.
You visited 1 branch of the dungeon, and saw 2 of its levels.

You collected 64 gold pieces.

Inventory:

Hand Weapons
 a - a +0 spear (weapon)
 b - a +2 sling of draining
Magical Staves
 c - a staff of poison
Jewellery
 l - a ring of magical power (left hand)
Scrolls
 d - 2 scrolls of identify {unknown}
 f - a scroll of teleportation {unknown}
 h - a scroll of blinking {unknown}
Potions
 e - a potion of lignification {unknown}
 g - 2 potions of invisibility {unknown}
 i - a potion of cancellation {unknown}
 j - a potion of magic


   Skills:
 - Level 1.7 Dodging
 - Level 1.7 Stealth
 - Level 3.0 Spellcasting
 + Level 4.1 Summonings


You had 4 spell levels left.
You knew the following spells:

 Your Spells              Type           Power      Damage    Failure   Level
i - Call Imp              Summ           28%        N/A       5%          2
m - Summon Small Mammal   Summ           56%        N/A       3%          1

Your spell library contained the following spells:

 Spells                   Type           Power      Damage    Failure   Level
 Call Canine Familiar     Summ           14%        N/A       11%         3
 Summon Guardian Golem    Hex/Summ       8%         N/A       26%         3
 Summon Lightning Spire   Summ/Air       8%         N/A       65%         4


Dungeon Overview and Level Annotations

Branches:
Dungeon (2/15)

Altars:

Annotations:
D:2 Robin


Innate Abilities, Weirdness & Mutations

Your plain brown scales are hard. (AC +4)
You cannot fit into any form of body armour.
You are cold-blooded and may be slowed by cold attacks.


Message History

Confirm with . or Enter, or press ? or * to list all spells.
You miscast Call Imp.
You are very lightly contaminated with residual magic.
Nothing appears to happen.
The rat barely misses you. The adder bites you.
You are poisoned.
The adder poisons you!
Casting: Call Imp (safe; 5% risk of failure)
Confirm with . or Enter, or press ? or * to list all spells.
You feel sick. The adder closely misses you. The rat closely misses you.
The adder bites you.
You are more poisoned.
The adder poisons you!
Casting: Summon Small Mammal (safe; 3% risk of failure)
Confirm with . or Enter, or press ? or * to list all spells.
A tiny devil pulls itself out of the air.
You feel sick. The rat bites you. The adder barely misses you.
Your quokka barely misses the rat.
The adder attacks as you move away! The adder misses you.
You feel sick.
Your cerulean imp hits the rat with a -3 spear.
The rat dies!
The adder attacks as you move away! The adder misses you.
You feel sick.
Your quokka completely misses the adder.
Your cerulean imp hits the adder but does no damage.
You hit the adder but do no damage.
You feel sick. The adder bites you but does no damage.
Your quokka closely misses the adder.
The adder closely misses you.
Your cerulean imp barely misses the adder.
You barely miss the adder. You tail-slap the adder.
The adder is moderately wounded.
You feel sick.
Your quokka closely misses the adder.
The adder bites you.
* * * LOW HITPOINT WARNING * * *
Your quokka closely misses the adder.
Your cerulean imp hits the adder but does no damage.
Your magical contamination has completely faded away.
You hit the adder.
The adder is severely wounded.
You feel sick. The adder barely misses you.
Your quokka bites the adder.
Your cerulean imp closely misses the adder.
The adder bites you.
You die...

#. #. #.# #.
#.######### #.##
#.........#
#...###.........#
#.....#.........#
#.....#..S@.....#
#.....#.r†5..(..# #
#.....#.........#
#.###...............#
#.......#.#.#+#######
.................
..#....#.#.####.
#.#....#.#.#
.........<#.#


You could see an adder (ally target), a friendly cerulean imp (summoned) and a
friendly quokka (summoned).

Vanquished Creatures
  An endoplasm (D:1)
  A hobgoblin (D:1)
  A bat (D:1)
  A frilled lizard (D:1)
  A kobold (D:1)
  A rat (D:1)
6 creatures vanquished.

Vanquished Creatures (collateral kills)
  An endoplasm (D:1)
  5 goblins (D:1)
  A hobgoblin (D:1)
  2 kobolds (D:1)
  A ball python (D:1)
  A frilled lizard (D:1)
  2 rats
13 creatures vanquished.

Grand Total: 19 creatures vanquished

Notes
Turn   | Place    | Note
-------+----------+-------------------------------------------
     0 | D:1      | Cheops the Draconian Summoner began the quest for the Orb.
     0 | D:1      | Reached XP level 1. HP: 14/14 MP: 3/3
   435 | D:1      | Reached XP level 2. HP: 14/20 MP: 5/5
  1010 | D:1      | Learned a level 2 spell: Call Imp
  1392 | D:2      | Noticed Robin
  1470 | D:2      | Slain by an adder

Illustrated notes

Levels and vault maps discovered:
D:1:      dpeg_arrival_round_a, layout_loops_ring, serial_forest,
          infiniplex_forest_end_2, infiniplex_forest_corner_1,
          infiniplex_forest_corner_2, infiniplex_forest_lined_room_3,
          infiniplex_forest_clump_tiny, infiniplex_forest_lined_1,
          infiniplex_forest_clump_curved, infiniplex_forest_corner_1,
          serial_bayou_lagoon_a, serial_bayou_pond_d
D:2:      layout_basic, uniq_robin

Skill      XL: |  1  2 |
---------------+-------+-----
Spellcasting   | 3 |  3.0
Dodging        | |  1.7
Stealth        | |  1.7
Summonings     | |  4.1

Action                     || total
---------------------------++-------
  Melee: Unarmed           ||    10
         Dagger            ||    20
         Spear             ||     3
         Tailslap          ||     3
   Cast: Summon Small Mamm ||    18
         Call Imp          ||     2
 Armour: Skin              ||    15
  Dodge: Dodged            ||    41
